[Event "*** Titled Tuesday Blitz"]
[Site "Chess.com"]
[Date "2019.02.05"]
[Round "7"]
[White "AndrBaryshpolets"]
[Black "Zaven_ChessMood"]
[Result "0-1"]
[WhiteElo "2623"]
[BlackElo "2867"]
[TimeControl "180+2"]
[EndTime "14:37:33 PST"]
[Termination "Zaven_ChessMood won by resignation"]

1. d4 Nf6 2. c4 g6 3. Nc3 Bg7 4. g3 O-O 5. Bg2 d6 6. Nf3 Nbd7 7. O-O e5 8. e4 Re8 9. h3 exd4 10. Nxd4 Nc5 11.
Re1 Bd7 12. b4 Ne6 13. Nb3 h5 14. Rb1 h4 15. g4 Nxg4 16. Nd5 Nf6 17. f4 Ba4 18. Be3 c6 19. Nc3 Bxb3 20. Rxb3 Nh5 21.
Qd2 a5 22. bxa5 Qxa5 23. Bb6 Qa6 24. f5 Nef4 25. Bf1 c5 26. Qxd6 Bd4+ 27. Kh2 Be5 28. Qd1 Ne2+ 0-1

[Event "*** Titled Tuesday Blitz"]
[Site "Chess.com"]
[Date "2019.02.05"]
[Round "7"]
[White "NateSolon"]
[Black "IMRosen"]
[Result "1-0"]
[WhiteElo "2546"]
[BlackElo "2508"]
[TimeControl "180+2"]
[EndTime "14:37:37 PST"]
[Termination "NateSolon won by checkmate"]

1. d4 Nf6 2. Bf4 d5 3. e3 c5 4.
Nc3 Nc6 5. Nb5 e5 6. dxe5 Ne4 7. Qxd5 Qxd5 8. Nc7+ Kd8 9. Nxd5 Be6 10. Rd1 Kc8 11. f3 g5 12. fxe4 gxf4 13. exf4 Nd4 14.
c3 Nc6 15. Nf3 Bh6 16. f5 Bd7 17. Nf6 Nb8 18. Bc4 Rf8 19. Nxh7 Rg8 20. Kf2 Rg7 21. Nf6 Bc6 22. Bd5 Kc7 23. Bxc6 Nxc6 24. Rd7+ Kb6 25. Nd5+ Ka6 26. Nc7+ Ka5 27. Nxa8 b5 28. Rd6 Nb8 29. Rxh6 b4 30. Rd1 c4 31. cxb4+ Ka4 32. Rd8 f6 33. Rxb8 a5 34. exf6 Rd7 35. Nb6+ Kxb4 36. Nxd7+ Ka4 37. Nc5# 1-0

[Event "*** Titled Tuesday Blitz"]
[Site "Chess.com"]
[Date "2019.02.05"]
[Round "7"]
[White "Chess2019Player"]
[Black "HouseOfDurin"]
[Result "1-0"]
[WhiteElo "2058"]
[BlackElo "1930"]
[TimeControl "180+2"]
[EndTime "14:37:37 PST"]
[Termination "Chess2019Player won by resignation"]

1. e4 c5 2. Nf3 Nc6 3. c3 d5 4.
e5 d4 5. Bd3 g6 6. O-O Bg7 7. Re1 a6 8. a4 dxc3 9. dxc3 c4 10.
Bxc4 Qxd1 11. Rxd1 Nxe5 12. Nxe5 Bxe5 13. Nd2 Bg4 14.
f3 Bd7 15. Ne4 Nf6 16. Nxf6+ Bxf6 17. Bxf7+ Kxf7 18. Rxd7 Rhd8 19. Rxd8 Rxd8 20. Be3 e5 21. Kf2 Ke6 22. Ke2 Rd5 23. Ra3 h5 24. Rb3 b5 25. axb5 axb5 26. Ra3 Kf5 27. Ra6 Bg5 28. g4+ hxg4 29. fxg4+ Kxg4 30. Rxg6 e4 31. Rxg5+ Rxg5 32. Bxg5 Kxg5 33. Ke3 1-0

[Event "*** Titled Tuesday Blitz"]
[Site "Chess.com"]
[Date "2019.02.05"]
[Round "7"]
[White "AsaHoffmann"]
[Black "amiralfio"]
[Result "1-0"]
[WhiteElo "2208"]
[BlackElo "2364"]
[TimeControl "180+2"]
[EndTime "14:37:37 PST"]
[Termination "AsaHoffmann won by resignation"]

1. d4 d5 2. Bg5 g6 3. Qd2 Bg7 4.
Nc3 c6 5. f3 b5 6. a3 Qb6 7. e3 Nf6 8. Bd3 Nbd7 9. Nge2 e5 10. O-O O-O 11. Kh1 Re8 12. dxe5 Nxe5 13. e4 d4 14. Nd1 c5 15. Ng3 c4 16. Be2 Bb7 17. Qf4 d3 18. cxd3 cxd3 19. Nc3 dxe2 20. Ncxe2 Nd3 21.
Qh4 Rac8 22. Nf4 Nxf4 23. Qxf4 Rc2 24. Rad1 Rxb2 25. Rd6 Qc5 26. Bxf6 Qc2 27. Bxb2 Bxb2 28. Rd7 1-0

[Event "*** Titled Tuesday Blitz"]
[Site "Chess.com"]
[Date "2019.02.05"]
[Round "7"]
[White "BogdanDeac"]
[Black "EugeneRougon"]
[Result "1-0"]
[WhiteElo "2742"]
[BlackElo "2580"]
[TimeControl "180+2"]
[EndTime "14:37:38 PST"]
[Termination "BogdanDeac won by resignation"]

1. e4 d6 2. d4 g6 3. Nc3 Bg7 4. f4 Nf6 5. Nf3 O-O 6. Bd3 Nc6 7. Be2 Bg4 8. d5 Nb4 9. h3 Bxf3 10. Bxf3 c6 11. a3 Na6 12. Be3 cxd5 13. exd5 Rc8 14.
Bd4 Nd7 15. Bxg7 Kxg7 16. Qd4+ Kg8 17. O-O-O Qa5 18. Rhe1 Rfe8 19. Bg4 Rc7 20. Bxd7 Rxd7 21. f5 Rc8 22. fxg6 hxg6 23. Re4 Qc5 24. Qd2 Kg7 25.
Rf1 f5 26. Rh4 Rg8 27. g4 Qc4 28. Rf4 Qc5 29. gxf5 Qg1+ 30. Nd1 Nc5 31. Rfg4 Rc8 32. Qh6+ 1-0

[Event "*** Titled Tuesday Blitz"]
[Site "Chess.com"]
[Date "2019.02.05"]
[Round "7"]
[White "Shukh_Nikolay"]
[Black "Frolik67"]
[Result "1-0"]
[WhiteElo "2412"]
[BlackElo "2522"]
[TimeControl "180+2"]
[EndTime "14:37:43 PST"]
[Termination "Shukh_Nikolay won by resignation"]

1. d4 e6 2. e4 d5 3. Nc3 dxe4 4. Nxe4 Nd7 5. Bd3 Ngf6 6. Qe2 Be7 7. Nf3 b6 8. Bd2 Bb7 9. O-O-O a5 10. g4 h6 11. Rhg1 a4 12. Kb1 a3 13. b3 Qc8 14.
h4 Nxe4 15. Bxe4 Nf6 16. Bxb7 Qxb7 17. g5 hxg5 18. hxg5 Ne4 19. g6 f5 20. Ne5 O-O-O 21. f3 Nxd2+ 22. Rxd2 Bf6 23. Nf7 Qd5 24. Nxh8 Rxh8 25.
Re1 Kd7 26. c4 Qd6 27. c5 Qd5 28. Qb5+ Kc8 29. Qa6+ Kd7 30. cxb6 cxb6 31. Qxb6 Rc8 32. Rde2 Bxd4 33. Qxe6+ Qxe6 34. Rxe6 Bb2 35. Re7+ Kd6 36. R7e2 Bf6 37. Rd2+ Kc7 38. Rc1+ Kb7 39. Rd7+ Kb8 40.
Rxc8+ Kxc8 41. Rf7 Bb2 42. Rxf5 Kd7 43. Rf7+ Ke6 44.
f4 Bf6 45. Kc2 Bg5 1-0

[Event "*** Titled Tuesday Blitz"]
[Site "Chess.com"]
[Date "2019.02.05"]
[Round "7"]
[White "tioloko"]
[Black "Kumi29"]
[Result "0-1"]
[WhiteElo "2569"]
[BlackElo "2494"]
[TimeControl "180+2"]
[EndTime "14:37:45 PST"]
[Termination "Kumi29 won by resignation"]

1. Nf3 f5 2. g3 Nf6 3. Bg2 g6 4. O-O Bg7 5. c4 O-O 6. Nc3 d6 7. b3 e5 8. Bb2 Nc6 9. d3 a5 10. Qd2 h6 11. e3 Kh7 12. d4 e4 13. Ne1 Bd7 14. f3 exf3 15. Nxf3 Re8 16. Rae1 Qe7 17. Qc2 Ne4 18. Nxe4 fxe4 19. Nh4 Nb4 20. Qb1 Nd3 21.
Rd1 Qg5 22. Bc1 Bg4 23. Rxd3 exd3 24. Qxd3 c6 25. e4 Qh5 26. h3 Be2 27. Qc2 Bxf1 28. Bxf1 Bxd4+ 0-1

[Event "*** Titled Tuesday Blitz"]
[Site "Chess.com"]
[Date "2019.02.05"]
[Round "7"]
[White "Naruto-K"]
[Black "MateusViageiro"]
[Result "1-0"]
[WhiteElo "2364"]
[BlackElo "2195"]
[TimeControl "180+2"]
[EndTime "14:37:57 PST"]
[Termination "Naruto-K won by resignation"]

1. d4 Nf6 2. Bf4 g6 3. e3 Bg7 4.
Nf3 O-O 5. Be2 d6 6. h3 Nbd7 7. O-O a6 8. a4 b6 9. Bh2 Bb7 10. Nc3 c5 11. d5 Re8 12. Bc4 h6 13. e4 Nh7 14. Re1 Ng5 15. Nxg5 hxg5 16. Qd2 Bf6 17.
Rab1 Kg7 18. Nd1 Rh8 19. Ne3 Ne5 20. Bf1 Bc8 21. Nc4 Nxc4 22. Bxc4 g4 23. hxg4 Bxg4 24. e5 dxe5 25. Bxe5 Bd7 26. Bxf6+ exf6 27. d6 b5 28. Bd5 f5 29. Re7 Be8 30. Qc3+ Kg8 31. Bxa8 Qxa8 32. Rbe1 Bc6 33. d7 1-0

[Event "*** Titled Tuesday Blitz"]
[Site "Chess.com"]
[Date "2019.02.05"]
[Round "7"]
[White "albi1999"]
[Black "vovachesss"]
[Result "0-1"]
[WhiteElo "2493"]
[BlackElo "2582"]
[TimeControl "180+2"]
[EndTime "14:37:58 PST"]
[Termination "vovachesss won by resignation"]

1. d4 Nf6 2. c4 c5 3. d5 b5 4. cxb5 a6 5. bxa6 g6 6. Nc3 Bg7 7. e4 d6 8. Nf3 O-O 9. a4 Bxa6 10.
Bxa6 Nxa6 11. O-O Nb4 12. Qe2 Nd7 13. Ra3 Qa5 14. Nb5 Rfb8 15. b3 h6 16. h4 Kh7 17.
h5 g5 18. Nh2 Ne5 19. Rd1 Nbd3 20. Bd2 Qxb5 21. axb5 Rxa3 22. Rb1 Rxb5 23. g3 Raxb3 24. Rxb3 Rxb3 25. f4 Nc4 26. fxg5 Bd4+ 27. Kh1 Nxd2 28.
Qxd2 Rb1+ 29. Kg2 Rb2 0-1

[Event "*** Titled Tuesday Blitz"]
[Site "Chess.com"]
[Date "2019.02.05"]
[Round "7"]
[White "Ekko_li"]
[Black "KhalilMousavi77"]
[Result "0-1"]
[WhiteElo "2468"]
[BlackElo "2727"]
[TimeControl "180+2"]
[EndTime "14:38:02 PST"]
[Termination "KhalilMousavi77 won by resignation"]

1. e4 c5 2. Nf3 d6 3. Bb5+ Bd7 4. Bxd7+ Nxd7 5. O-O g6 6. c3 Ngf6 7. Qe2 Bg7 8. d4 cxd4 9. cxd4 O-O 10. Nc3 e5 11.
Rd1 exd4 12. Nxd4 a6 13. Nb3 Qe7 14. Qd3 Rfe8 15. Qxd6 Qxd6 16. Rxd6 Nxe4 17. Nxe4 Rxe4 18. Be3 Ne5 19. Rad1 Nc4 20. Rd8+ Re8 21. Rxa8 Rxa8 22. Rd7 b5 23. Bd4 Bxd4 24. Nxd4 Nxb2 25. Nc6 Re8 26. h4 Re6 27. Nd8 Rf6 28. f3 Na4 29. Kf2 Nc3 30.
a3 Rf4 31. Kg3 Ne2+ 32. Kf2 Nc3 33. Kg3 Rf6 34. Kg4 h5+ 35. Kg5 Kg7 36. g4 Rxf3 37. Ne6+ Kh7 38. Nf8+ Kg8 39. Rd8 Kg7 40. gxh5 Rg3+ 41.
Kf4 Ne2+ 42. Ke4 gxh5 43. Nd7 Rxa3 0-1

[Event "*** Titled Tuesday Blitz"]
[Site "Chess.com"]
[Date "2019.02.05"]
[Round "7"]
[White "Supernotar"]
[Black "iLuusions"]
[Result "1-0"]
[WhiteElo "2493"]
[BlackElo "2613"]
[TimeControl "180+2"]
[EndTime "14:38:02 PST"]
[Termination "Supernotar won by resignation"]

1. d4 Nf6 2. c4 e6 3. Nf3 d5 4. e3 Bb4+ 5. Nbd2 c5 6. cxd5 cxd4 7. Qa4+ Bd7 8. Qxb4 dxe3 9. fxe3 Nxd5 10. Qa3 b5 11. e4 Ne7 12. Be2 Qb6 13. Nb3 Na6 14. Qa5 Qb7 15. O-O O-O 16. Bg5 f6 17. Bh4 Ng6 18. Bg3 Qxe4 19. Bxb5 Bxb5 20. Qxb5 Nb4 21. Rfe1 Qg4 22. Nbd4 Nd5 23. Nxe6 1-0

[Event "*** Titled Tuesday Blitz"]
[Site "Chess.com"]
[Date "2019.02.05"]
[Round "7"]
[White "Korchmar_Vasiliy"]
[Black "cherryandmint"]
[Result "1-0"]
[WhiteElo "2764"]
[BlackElo "2626"]
[TimeControl "180+2"]
[EndTime "14:38:09 PST"]
[Termination "Korchmar_Vasiliy won by resignation"]

1. d4 d5 2. c4 e6 3. Nf3 Nf6 4. g3 Be7 5. Bg2 O-O 6. O-O dxc4 7. Ne5 Nc6 8. Bxc6 bxc6 9. Nxc6 Qe8 10. Nxe7+ Qxe7 11. Qc2 e5 12. dxe5 Qxe5 13. Bf4 Qh5 14. Nc3 Bb7 15.
f3 Qc5+ 16. Kg2 Rfe8 17. Rad1 g5 18. Bc1 g4 19. Qd2 Re5 20. Qh6 Rf5 21. Be3 Qc6 22.
Bd4 Re8 23. Kg1 gxf3 24. exf3 Rxf3 25. Qg5+ Kf8 26. Bc5+ Re7 27. Rd8+ 1-0

[Event "*** Titled Tuesday Blitz"]
[Site "Chess.com"]
[Date "2019.02.05"]
[Round "7"]
[White "AlexTruskavetsky"]
[Black "Vamostodorecto"]
[Result "1-0"]
[WhiteElo "2278"]
[BlackElo "2461"]
[TimeControl "180+2"]
[EndTime "14:38:14 PST"]
[Termination "AlexTruskavetsky won by resignation"]

1. d4 d5 2. c4 dxc4 3. Nf3 Nf6 4. e3 b5 5. a4 b4 6. Bxc4 e6 7. O-O Be7 8. Nbd2 Bb7 9. Qe2 O-O 10. e4 c5 11. dxc5 Bxc5 12. e5 Nfd7 13. Ne4 Be7 14. Bg5 Nc6 15. Rfd1 h6 16. Nc5 Bc8 17. Nxe6 fxe6 18.
Bxe6+ Kh8 19. Nh4 Bxg5 20. Ng6+ Kh7 21. Qe4 Nc5 22. Nxf8+ 1-0

[Event "*** Titled Tuesday Blitz"]
[Site "Chess.com"]
[Date "2019.02.05"]
[Round "7"]
[White "otrov-11"]
[Black "volcanoexplorer"]
[Result "1-0"]
[WhiteElo "2350"]
[BlackElo "2354"]
[TimeControl "180+2"]
[EndTime "14:38:15 PST"]
[Termination "otrov-11 won on time"]

1. d4 Nf6 2. c4 e6 3. Nf3 b6 4. g3 Bb7 5. Bg2 Be7 6. O-O O-O 7. d5 exd5 8. Nh4 c6 9. cxd5 Nxd5 10. Nf5 Nc7 11.
e4 d5 12. exd5 Nxd5 13. Re1 Bf6 14. Qb3 Na6 15. Nc3 Nc5 16. Qa3 Nxc3 17. bxc3 Qd3 18. Ne7+ Kh8 19. Bb2 Qd7 20. Rad1 Qc7 21. Nf5 Rad8 22.
c4 Rxd1 23. Rxd1 Bxb2 24. Qxb2 f6 25. Qe2 Bc8 26. Nd6 g6 27. h4 Be6 28. Qf3 1-0

[Event "*** Titled Tuesday Blitz"]
[Site "Chess.com"]
[Date "2019.02.05"]
[Round "7"]
[White "staz_staz"]
[Black "Keaton87"]
[Result "0-1"]
[WhiteElo "2347"]
[BlackElo "2536"]
[TimeControl "180+2"]
[EndTime "14:38:26 PST"]
[Termination "Keaton87 won by resignation"]

1. c4 e6 2. Nf3 d5 3. d4 Nf6 4. Nc3 Be7 5. Bf4 O-O 6. e3 b6 7.
Bd3 dxc4 8. Bxc4 Ba6 9. Qe2 Qc8 10. O-O c5 11. Rac1 Bxc4 12. Qxc4 cxd4 13. Qxc8 Rxc8 14.
Nxd4 Nc6 15. Ncb5 Nxd4 16. Nxd4 Bc5 17. Nb3 Nd5 18. Be5 f6 19. Bd4 Bd6 20. Rfd1 Kf7 21. Kf1 Be7 22. e4 Nb4 23. a3 Nc6 24. Bc3 Rc7 25.
Rd2 Rac8 26. Rcd1 Rd8 27. Rxd8 Nxd8 28. Ke2 e5 29. g3 Ne6 30. Rd3 a5 31. Nd2 a4 32.
Rd5 Bc5 33. Kd3 Bxf2 34. Nc4 Nc5+ 35. Ke2 Nxe4 36. Bb4 Rxc4 0-1

[Event "*** Titled Tuesday Blitz"]
[Site "Chess.com"]
[Date "2019.02.05"]
[Round "7"]
[White "Vulcanochess"]
[Black "x-6099009240"]
[Result "1-0"]
[WhiteElo "2323"]
[BlackElo "2381"]
[TimeControl "180+2"]
[EndTime "14:38:27 PST"]
[Termination "Vulcanochess won by resignation"]

1. d4 Nf6 2. c4 e6 3. Nc3 Bb4 4.
f3 d5 5. a3 Bxc3+ 6. bxc3 O-O 7. e3 c5 8. cxd5 Nxd5 9. Qd2 Qa5 10. Bd3 Qxc3 11. Qxc3 Nxc3 12. dxc5 Na4 13. Ne2 Nxc5 14.
Bc2 Nc6 15. O-O e5 16. Bb2 f6 17. Rac1 Ne6 18. Bb3 Kh8 19. Nc3 Nc5 20. Bc2 Be6 21.
Rfd1 Nb3 22. Bxb3 Bxb3 23. Rd7 b6 24. Nb5 Rac8 25. Nd6 Be6 26. Rb7 Na5 27. Rxc8 Rxc8 28. Re7 Rd8 29. Rxe6 Kg8 30. h4 Nb3 31. Nf5 Rd1+ 32. Kh2 g6 33. Nh6+ Kg7 34. Ng4 Nc5 35. Re7+ Kf8 36. Rxh7 1-0

[Event "*** Titled Tuesday Blitz"]
[Site "Chess.com"]
[Date "2019.02.05"]
[Round "7"]
[White "GMMatamoros"]
[Black "TheBigBoss04"]
[Result "0-1"]
[WhiteElo "2501"]
[BlackElo "2552"]
[TimeControl "180+2"]
[EndTime "14:38:30 PST"]
[Termination "TheBigBoss04 won by resignation"]

1. Nf3 d5 2. g3 g6 3. Bg2 Bg7 4. d4 Nf6 5. c4 c6 6. b3 a5 7. O-O O-O 8. Bb2 a4 9. Qc1 Ne4 10. Rd1 Qa5 11. Nfd2 Nd6 12. Na3 Bf5 13. Bc3 Qa6 14. e3 Be6 15. Bf1 Qa7 16. cxd5 Bxd5 17. Qc2 Nd7 18. e4 Be6 19. Nac4 Nb5 20. Nf3 Bg4 21. Be2 Bxf3 22. Bxf3 Bxd4 23. Bxd4 Nxd4 24. Qd2 Nxf3+ 0-1

[Event "*** Titled Tuesday Blitz"]
[Site "Chess.com"]
[Date "2019.02.05"]
[Round "7"]
[White "VFernandezB"]
[Black "Caterpiller35"]
[Result "1-0"]
[WhiteElo "2237"]
[BlackElo "2239"]
[TimeControl "180+2"]
[EndTime "14:38:31 PST"]
[Termination "VFernandezB won by resignation"]

1. d4 Nf6 2. Nf3 e6 3. g3 d5 4.
Bg2 Be7 5. O-O O-O 6. c4 dxc4 7. Ne5 Nc6 8. Bxc6 bxc6 9. Nd2 c5 10. Nc6 Qe8 11. Nxe7+ Qxe7 12. Nxc4 cxd4 13. Qxd4 Rd8 14. Qh4 c5 15. Be3 Bb7 16. Rfd1 Rd5 17. Bg5 Rad8 18. Rxd5 Rxd5 19. Ne3 Rd4 20. Bxf6 Qxf6 21. Qxf6 gxf6 22. Rc1 Rd2 23. Rc2 Rxc2 24. Nxc2 Kf8 25. Ne3 Ke7 26. Kf1 Kd6 27. Ke1 f5 28. Kd2 f6 29.
Kc3 Ba6 30. Nc4+ Kd5 31. Ne3+ Ke4 32. Kd2 f4 33. Ng4 fxg3 34. hxg3 Kf5 35. f3 h5 36.
e4+ Kg5 37. Nf2 f5 38. f4+ Kg6 39. Ke3 Bb7 40. e5 Bd5 41. a3 a5 42. Nd3 c4 43.
Nc5 h4 44. gxh4 Kh5 45. a4 Kxh4 46. Nd7 Bc6 47. Nb6 Bxa4 48. Nxa4 Kg3 49. Nc5 Kg4 50. Nxe6 a4 51. Nc5 c3 52. bxc3 a3 53. Nb3 a2 54.
Na1 Kh5 55. Nc2 Kg6 56. c4 Kf7 57. Kd4 Ke6 58. Kc5 1-0

[Event "*** Titled Tuesday Blitz"]
[Site "Chess.com"]
[Date "2019.02.05"]
[Round "7"]
[White "TheBigBadChessDad"]
[Black "1e41-0"]
[Result "0-1"]
[WhiteElo "2285"]
[BlackElo "2531"]
[TimeControl "180+2"]
[EndTime "14:38:31 PST"]
[Termination "1e41-0 won by resignation"]

1. d4 Nf6 2. Nf3 c5 3. c3 d5 4. Bf4 Nc6 5. e3 Qb6 6. Qb3 c4 7. Qc2 Bf5 8. Qc1 e6 9. Nbd2 Be7 10. b3 cxb3 11. axb3 Rc8 12. Qb2 O-O 13. Rc1 a5 14. h3 Ne4 15. Be2 a4 16. O-O axb3 17. Qxb3 Qxb3 18. Nxb3 Ba3 19. Ra1 Nxc3 20. Rxa3 Nxe2+ 21. Kh2 Nxf4 22. exf4 Be4 23. Nfd2 Bd3 24. Rc1 b6 25.
Rc3 Be2 26. Re3 Bb5 27. Nf3 Bc4 28. Nbd2 b5 29. Nb3 b4 30. Ra4 Bxb3 31. Rxb3 Ra8 32. Rxa8 Rxa8 33. Ne5 Nxe5 34. fxe5 Ra4 35. Kg3 Ra3 0-1

[Event "*** Titled Tuesday Blitz"]
[Site "Chess.com"]
[Date "2019.02.05"]
[Round "7"]
[White "jamengrand"]
[Black "Zq1"]
[Result "0-1"]
[WhiteElo "2277"]
[BlackElo "2509"]
[TimeControl "180+2"]
[EndTime "14:38:36 PST"]
[Termination "Zq1 won by checkmate"]

1. e4 c5 2. Nf3 d6 3. d4 cxd4 4. Nxd4 Nf6 5. Nc3 Nc6 6. f3 Nxd4 7. Qxd4 g6 8. Be3 Bg7 9. Qd2 O-O 10. O-O-O Be6 11.
Kb1 Rc8 12. Bd4 a6 13. h4 h5 14. g4 hxg4 15. h5 Re8 16. hxg6 fxg6 17. Qg5 Kf7 18. f4 Rh8 19. Rxh8 Qxh8 20. f5 gxf5 21. exf5 Bc4 22.
Qg6+ Kf8 23. Bxc4 Rxc4 24. Qg5 Qh6 25. Bxf6 Qxf6 26. Qe3 b5 27. Rd3 Qe5 28. Qd2 Rf4 29.
a3 Qxf5 30. Nd5 Rf2 31. Qe3 Rf1+ 32. Ka2 Qe5 33. Qb6 Qxb2# 0-1

[Event "*** Titled Tuesday Blitz"]
[Site "Chess.com"]
[Date "2019.02.05"]
[Round "7"]
[White "psychokiller48"]
[Black "Maikrosoft63"]
[Result "1-0"]
[WhiteElo "2615"]
[BlackElo "2561"]
[TimeControl "180+2"]
[EndTime "14:38:38 PST"]
[Termination "psychokiller48 won by resignation"]

1. Nf3 Nf6 2. c4 e6 3. g3 a6 4. Bg2 b5 5. b3 Bb7 6. O-O Be7 7. Bb2 O-O 8. d3 c5 9. Nbd2 Qb6 10. Rc1 d6 11. Rc2 Nc6 12. a3 Rac8 13. Qa1 d5 14.
cxd5 exd5 15. Rfc1 d4 16. b4 cxb4 17. Nxd4 Nxd4 18.
Bxd4 Qe6 19. Bxb7 Rxc2 20. Rxc2 Qxe2 21. axb4 Bxb4 22. Bxf6 gxf6 23. Qf1 Qe6 24. Nf3 Qb3 25. Rc1 a5 26. Be4 Qe6 27. Nd4 Qe5 28. Nf5 Bd2 29. Qh3 Bxc1 30. Ne7+ 1-0

[Event "*** Titled Tuesday Blitz"]
[Site "Chess.com"]
[Date "2019.02.05"]
[Round "7"]
[White "LyonBeast"]
[Black "Antipov_Mikhail_Al"]
[Result "1-0"]
[WhiteElo "2906"]
[BlackElo "2725"]
[TimeControl "180+2"]
[EndTime "14:38:40 PST"]
[Termination "LyonBeast won by resignation"]

1. e4 e6 2. Nc3 d5 3. Nf3 Nf6 4. e5 Ng8 5. Ne2 c5 6. c3 Bd7 7.
d4 cxd4 8. cxd4 Qb6 9. Nc3 Ne7 10. Be2 Nf5 11. O-O Nc6 12. Na4 Qd8 13. g4 Nh4 14. Be3 Nxf3+ 15. Bxf3 Be7 16. Rc1 Rc8 17. Be2 O-O 18.
Nc5 Rc7 19. f4 Na5 20. b3 b6 21. Nxd7 Qxd7 22. Rxc7 Qxc7 23. Qd2 Rc8 24. Ba6 Rb8 25. Rc1 Qd8 26. Qe2 h6 27. Kh1 Ba3 28. Rf1 Nc6 29. f5 Qh4 30. Qf3 exf5 31. Qxf5 Rf8 32. e6 Nd8 33. Bd3 g6 34. exf7+ Rxf7 35. Qxg6+ Kf8 36. Bxh6+ Ke8 37. Bb5+ 1-0

[Event "*** Titled Tuesday Blitz"]
[Site "Chess.com"]
[Date "2019.02.05"]
[Round "7"]
[White "MITerryble"]
[Black "sergoy"]
[Result "0-1"]
[WhiteElo "2787"]
[BlackElo "2813"]
[TimeControl "180+2"]
[EndTime "14:38:44 PST"]
[Termination "sergoy won by resignation"]

1. d4 Nf6 2. Nf3 e6 3. c4 b6 4. g3 Ba6 5. Qa4 Bb7 6. Bg2 c5 7. dxc5 bxc5 8. O-O Be7 9. Nc3 O-O 10. Rd1 d6 11.
Bf4 Qb6 12. Qb5 Rd8 13. Rd2 Nc6 14. Rad1 Ne8 15. Ne1 Qc7 16. Qa4 a6 17. Nc2 h6 18.
h4 Nf6 19. Ne4 Nxe4 20. Bxe4 f5 21. Bg2 g5 22. hxg5 hxg5 23. Be3 Ne5 24. Bxb7 Qxb7 25. Bxc5 Kf7 26. Qb4 Qc6 27. Bxd6 Rh8 28. f3 Nxf3+ 29.
exf3 Qxf3 30. Rg2 Qxd1+ 0-1

[Event "*** Titled Tuesday Blitz"]
[Site "Chess.com"]
[Date "2019.02.05"]
[Round "7"]
[White "PotapovaM"]
[Black "King_of_the_wing"]
[Result "1-0"]
[WhiteElo "2419"]
[BlackElo "2189"]
[TimeControl "180+2"]
[EndTime "14:38:46 PST"]
[Termination "PotapovaM won by checkmate"]

1. d4 e6 2. c4 f5 3. Nf3 Nf6 4. g3 d6 5. Bg2 Be7 6. O-O O-O 7.
Nc3 Ne4 8. Qc2 Nxc3 9. Qxc3 a5 10. Nd2 Bf6 11. e4 c5 12. exf5 Bxd4 13. Qd3 Rxf5 14.
Be4 Rh5 15. Bf3 Re5 16. Be4 Qf6 17. Bxh7+ Kh8 18. Ne4 Rxe4 19. Qxe4 Nd7 20. h4 Ne5 21.
Be3 g6 22. Bxd4 cxd4 23. f4 Nxc4 24. Qxg6 Qf8 25. Qh5 Bd7 26. Bd3+ Kg7 27. Qg6+ Kh8 28. Qh7# 1-0

[Event "*** Titled Tuesday Blitz"]
[Site "Chess.com"]
[Date "2019.02.05"]
[Round "7"]
[White "Fy_Rakotomaharo"]
[Black "INLOVEWITHF"]
[Result "1-0"]
[WhiteElo "2479"]
[BlackElo "2294"]
[TimeControl "180+2"]
[EndTime "14:38:47 PST"]
[Termination "Fy_Rakotomaharo won by resignation"]

1. d4 d5 2. c4 c6 3. Nc3 Nf6 4.
e3 e6 5. Nf3 Nbd7 6. Qc2 Bd6 7.
b3 Qc7 8. Be2 e5 9. Bb2 e4 10.
Nd2 O-O 11. O-O-O a6 12. g4 b5 13. g5 b4 14. gxf6 bxc3 15. Qxc3 Nxf6 16. c5 Be7 17. Rdg1 a5 18. Rg3 Ba6 19. Bxa6 Rxa6 20. Rhg1 g6 21. R1g2 Qd7 22. f3 Nh5 23. fxe4 Nxg3 24.
Rxg3 dxe4 25. d5 f6 26. d6 Bd8 27. Qc4+ Kg7 28. Qxa6 h5 29. Qf1 Qa7 30. Nxe4 Qf7 31. Rf3 Qd5 32. Nxf6 Qxc5+ 33. Kb1 Bxf6 34. Rxf6 Qxd6 35. Rxd6+ 1-0

[Event "*** Titled Tuesday Blitz"]
[Site "Chess.com"]
[Date "2019.02.05"]
[Round "7"]
[White "StoreySniper"]
[Black "Hieronymus00"]
[Result "0-1"]
[WhiteElo "2330"]
[BlackElo "2174"]
[TimeControl "180+2"]
[EndTime "14:38:49 PST"]
[Termination "Hieronymus00 won by resignation"]

1. b3 e5 2. Bb2 Nc6 3. g3 Nf6 4. c4 d5 5. cxd5 Nxd5 6. Bg2 Be6 7. Nf3 Bd6 8. O-O O-O 9. d4 e4 10. Ne5 f5 11. Nxc6 bxc6 12. e3 a5 13. a3 h5 14. Nd2 h4 15. Rc1 hxg3 16. hxg3 Qe8 17. Nc4 Rf6 18. Qd2 Rh6 19. Nxa5 Qh5 20. Rfe1 f4 21.
exf4 Qh2+ 22. Kf1 Bxf4 23. Qc2 Bxg3 24. Qxe4 Nf4 25. Nxc6 Nxg2 26. Ne7+ Kf7 27. Qf3+ Rf6 28. Rxc7 Rxf3 29. Nf5+ Bxc7 0-1

[Event "*** Titled Tuesday Blitz"]
[Site "Chess.com"]
[Date "2019.02.05"]
[Round "7"]
[White "wenx95"]
[Black "hurricane7791"]
[Result "0-1"]
[WhiteElo "2510"]
[BlackElo "2675"]
[TimeControl "180+2"]
[EndTime "14:38:51 PST"]
[Termination "hurricane7791 won by resignation"]

1. c4 c5 2. g3 Nc6 3. Nc3 g6 4. Bg2 Bg7 5. Nf3 e6 6. O-O Nge7 7. d3 d6 8. Bd2 b6 9. Qc1 h6 10. Rb1 Bb7 11. a3 Qd7 12. b4 Rc8 13. Re1 g5 14. h4 g4 15. Nh2 h5 16. Bg5 Nf5 17. Ne4 Ncd4 18. e3 Nc6 19. Nf6+ Bxf6 20. Bxf6 Rg8 21.
e4 Rg6 22. exf5 Rxf6 23. Qg5 Qe7 24. fxe6 fxe6 25. Qxh5+ Kd7 26. Nxg4 Rf5 27. Qxf5 exf5 28. Rxe7+ Kxe7 29. Ne3 Rf8 30. b5 Na5 31. Bxb7 Nxb7 32. Nd5+ Kd7 33. Re1 Rf7 34. Kg2 Nd8 35. Kh3 Ne6 36.
h5 Nd4 37. Re3 Nc2 38. Rf3 Ne1 39. Re3 Nc2 40. Re2 Nd4 41. Re1 Nc2 42. Rh1 Nd4 43. Kg2 Ke6 44. f3 Nc2 45. g4 fxg4 46. fxg4 Ke5 47.
Rc1 Nxa3 48. Re1+ Kd4 49. g5 Rf5 50. Re4+ Kxd3 51. Rg4 Nxc4 52. Ne7 Ne3+ 53. Kg3 Rf1 54. g6 Rg1+ 55. Kf3 Nxg4 56. g7 Ne5+ 0-1

[Event "*** Titled Tuesday Blitz"]
[Site "Chess.com"]
[Date "2019.02.05"]
[Round "7"]
[White "Shivagami"]
[Black "monalize"]
[Result "0-1"]
[WhiteElo "2146"]
[BlackElo "2309"]
[TimeControl "180+2"]
[EndTime "14:38:51 PST"]
[Termination "monalize won by checkmate"]

1. d4 d5 2. Bf4 Nf6 3. e3 Bf5 4. c4 c6 5. Nc3 e6 6. Qb3 Qb6 7. c5 Qxb3 8. axb3 a6 9. b4 Be7 10. b5 O-O 11. Nf3 cxb5 12. Nxb5 Nc6 13. Nc3 Nh5 14.
Bc7 Rac8 15. Bb6 g5 16. h3 Bg6 17. g4 Ng7 18. Be2 Rfe8 19. Kd2 Bf6 20. h4 h6 21.
hxg5 hxg5 22. Rh6 Kf8 23. Rah1 Ke7 24. Bd3 Bxd3 25. Kxd3 Rg8 26. e4 dxe4+ 27. Nxe4 Ne8 28. R1h5 Nb4+ 29. Ke2 Nd5 30. Rh1 Nxb6 31. cxb6 Rc2+ 32.
Kd3 Rxb2 33. Rc1 Rxb6 34. Nxf6 Nxf6 35. Ne5 Nd5 36. Rh7 Rb3+ 37. Ke4 Nf6# 0-1

[Event "*** Titled Tuesday Blitz"]
[Site "Chess.com"]
[Date "2019.02.05"]
[Round "7"]
[White "Fivetrick"]
[Black "JoachimMouhamad"]
[Result "1-0"]
[WhiteElo "2548"]
[BlackElo "2281"]
[TimeControl "180+2"]
[EndTime "14:38:53 PST"]
[Termination "Fivetrick won by resignation"]

1. e4 c6 2. d4 d5 3. Nd2 dxe4 4. Nxe4 Nf6 5. Nxf6+ exf6 6. Nf3 Bd6 7. Be3 O-O 8. Be2 Be6 9. Qd2 Re8 10. O-O Nd7 11. c4 Nf8 12. Rac1 Ng6 13. Rfd1 Bg4 14. h3 Bf5 15. d5 c5 16. Re1 Qd7 17. Bf1 b6 18.
Kh1 Be4 19. Be2 Bf5 20. Bf1 Re4 21. Bd3 Rae8 22. Bxe4 Bxe4 23. Ng1 Nh4 24. f3 Nf5 25. Bf2 Bc7 26. Rxe4 Rxe4 27. fxe4 Qd6 28. Nf3 Nd4 29.
Bxd4 1-0